 Dungeon Crawl Stone Soup version 0.18.1-8-gdd0e5ea (webtiles) character file.

52 oplop the Sneak (level 3, 0/24 HPs)
             Began as a Vampire Enchanter on May 21, 2016.
             Slain by a kobold
             ... wielding a +0 short sword
              (3 damage)
             ... on level 2 of the Dungeon.
             The game lasted 00:02:29 (990 turns).

oplop the Sneak (Vampire Enchanter)                  Turns: 990, Time: 00:02:31

Health: 0/24       AC:  3    Str:  7    XL:     3   Next: 60%
Magic:  6/7        EV: 12    Int: 17    God:
Gold:   61         SH:  0    Dex: 15    Spells: 2 memorised, 4 levels left

rFire  . . .     SeeInvis +     a - +1 dagger
rCold  . . .     Gourm    .     b - +1 robe
rNeg   . . .     Faith    .     (no shield)
rPois  .         Spirit   .     (no helmet)
rElec  .         Dismiss  .     (no cloak)
rCorr  .         Reflect  .     (no gloves)
SustAt .         Harm     .     (no boots)
MR     .....                    (no amulet)
Stlth  +++.......               (no ring)
                                (no ring)

@: regenerating quickly, not resistant to hostile enchantments, fairly stealthy
A: fangs 3, see invisible, unbreathing
a: no special abilities


You were on level 2 of the Dungeon.
You were very full.

You visited 1 branch of the dungeon, and saw 2 of its levels.

You collected 61 gold pieces.

Inventory:

Hand Weapons
 a - a +1 dagger (weapon)
 h - a +0 dagger of flaming
Armour
 b - a +1 robe (worn)
Scrolls
 e - 2 scrolls of teleportation {unknown}
 f - 2 scrolls of enchant armour {unknown}
 g - a scroll of identify {unknown}
 j - a scroll of magic mapping {unknown}
 k - a scroll of remove curse {unknown}
Books
 c - a book of Maledictions

   Spells                             Type                      Level
   a - Corona                         Hexes                        1
   b - Ensorcelled Hibernation        Hexes/Ice                    2
   c - Confuse                        Hexes                        3
   d - Tukima's Dance                 Hexes                        3
   e - Dazzling Spray                 Conjuration/Hexes            3


   Skills:
 - Level 1.1 Short Blades
 - Level 2.1 Dodging
 + Level 5.5 Stealth
 + Level 2.7 Spellcasting
 + Level 5.1 Hexes


You had 4 spell levels left.
You knew the following spells:

 Your Spells              Type           Power        Failure   Level  Hunger
a - Corona                Hex            ###....      2%          1    #......
b - Ensorcelled Hibernat  Hex/Ice        ##....       12%         2    ##.....


Dungeon Overview and Level Annotations

Branches:
Dungeon (2/15)

Altars:


Innate Abilities, Weirdness & Mutations

Your natural rate of healing is unusually fast.
You have razor-sharp teeth.
You have supernaturally acute eyesight.
You can survive without breathing.


Message History

The rat is moderately wounded.
The rat barely misses you. The kobold hits you with a short sword.
Casting: Corona
Confirm with . or Enter, or press ? or * to list all spells.
Aiming: Corona
Press: ? - help, Shift-Dir - straight line, f - kobold, p - rat
Aim: a kobold, wielding a short sword (chance to defeat MR: 86%)
The kobold is outlined in light.
The kobold hits you with a short sword. The rat bites you but does no damage.
You hit the kobold but do no damage. The kobold closely misses you.
The rat barely misses you. The giant newt closely misses you.
You hit the kobold.
The kobold is moderately wounded.
The rat bites you.
* * * LOW HITPOINT WARNING * * *
The kobold hits you with a short sword.
* * * LOW HITPOINT WARNING * * *
The giant newt closely misses you. The kobold hits you with a short sword.
You die...

#............##.
#................
#............##...
#............# ..
#............# .
#......).....#
#............#
#............# ##
#....@l......####..#
#....rK.............
##........(.........
#......g(..........
#######..#.#.......
#.......######
###.#.#...#
#.........#
###g#K#$#...+


You could see a goblin, a kobold, a giant newt and a rat.

Vanquished Creatures
  2 adders (D:2)
  3 dart slugs (D:1)
  2 giant geckos (D:1)
  2 bats (D:1)
  2 giant cockroaches
  5 goblins
  2 hobgoblins (D:1)
  3 kobolds
  5 rats
26 creatures vanquished.

Notes
Turn   | Place    | Note
--------------------------------------------------------------
     0 | D:1      | oplop the Vampire Enchanter began the quest for the Orb.
     0 | D:1      | Reached XP level 1. HP: 13/13 MP: 3/3
   264 | D:1      | Reached XP level 2. HP: 5/19 MP: 5/5
   283 | D:1      | Learned a level 2 spell: Ensorcelled Hibernation
   521 | D:1      | Reached skill level 5 in Stealth
   781 | D:1      | Reached XP level 3. HP: 24/24 MP: 6/6
   852 | D:2      | Reached skill level 5 in Hexes
   990 | D:2      | Slain by a kobold

Skill      XL: |  1  2  3 |
---------------+----------+-----
Stealth        | 5 |  5.5
Hexes          | 5 |  5.1
Short Blades   | |  1.1
Dodging        | |  2.1
Spellcasting   | |  2.7

Action                   || total
-------------------------++-------
Melee: Dagger            ||    90
       Bite              ||     7
 Cast: Corona            ||     7
       Ensorcelled Hiber ||     2
  Use: Potion            ||     6
 Stab: Sleeping          ||    10
  Eat: Corpse            ||     2
Armor: Robe              ||    25
Dodge: Dodged            ||    65
